AoeStats
← Maximus1743

Hideout

509727173Analyzed
1v1 RM · 3d ago on Sep 27, 2026· 14m 46s· 2 players
Game mode
Random Map
Map size
Tiny (2 player)
Population
200
Speed
Normal
Resources
Standard
Victory
Conquest
Starting age
Dark Age
Ending age
Imperial Age
RankedLock teamsTeams togetherTeam positionsShared explorationLock speedFull tech treeHidden civsTurbo modeCheats
Victory
Defeat
🇲🇽 Armenians · Mexico
1280
+15
🇺🇸 Armenians · United States
1257
-15
Rabbit6766
10:10 Feudal Age
12:34 Man-at-Arms
14:19 Scale Mail Armor
Maximus1743
8:34 Feudal Age
10:25 Man-at-Arms
11:31 Arson
12:40 Loom
13:46 Long Swordsman
Connection lost

Rejoining the realm…

Still unreachable

The connection could not be restored.

Session expired

The server has moved on; the page needs a fresh start.